AoeStats
← MONSTAR36

Black Forest

508917658Analyzed
4v4 RM · 6d ago on Sep 24, 2026· 76m 20s· 8 players
Game mode
Random Map
Map size
Large (8 player)
Population
200
Speed
Normal
Resources
Standard
Victory
Conquest
Starting age
Dark Age
Ending age
Imperial Age
RankedLock teamsTeams togetherTeam positionsShared explorationLock speedFull tech treeHidden civsTurbo modeCheats
Victory
Defeat
🇲🇦 Tatars · Morocco
649
+11
🇺🇸 Franks · United States
617
+12
🇺🇸 Saxons · United States
614
+12
🇪🇸 Turks · Spain
464
+17
🇫🇷 Burgundians · France
574
-32
532
-13
🇬🇧 Portuguese · United Kingdom
503
-12
🇺🇸 Vikings · United States
487
-12
ruskihitman1
14:29 Feudal Age
15:44 Double-Bit Axe
22:53 Castle Age
21:52 Horse Collar
22:07 Stone Mining
22:11 Gold Mining
22:56 Fishing Lines
26:19 Bow Saw
31:21 Padded Archer Armor
31:11 Fletching
31:31 Forging
31:22 Scale Mail Armor
31:27 Scale Barding Armor
34:38 Imperial Age
33:04 Gillnets
34:38 Crossbowman
36:15 Conscription
35:43 Arbalester
37:35 Hoardings
38:09 Masonry
37:41 Treadmill Crane
37:52 Heated Shot
43:07 Caravan
44:59 Ballistics
45:42 Chemistry
47:15 Iron Casting
46:35 Bodkin Arrow
46:57 Chain Mail Armor
47:02 Chain Barding Armor
46:59 Leather Archer Armor
52:18 Elite Skirmisher
斜对床有个小结巴
0:34 Loom
13:44 Feudal Age
21:23 Castle Age
19:52 Gold Mining
19:57 Stone Mining
20:13 Double-Bit Axe
21:26 Arson
23:15 Gold Shaft Mining
23:16 Stone Shaft Mining
23:21 Wheelbarrow
23:27 Bow Saw
23:30 Horse Collar
33:33 Hand Cart
34:40 Tusk Swords
34:43 Fletching
34:56 Scale Mail Armor
35:00 Padded Archer Armor
35:11 Scale Barding Armor
35:23 Forging
40:12 Imperial Age
40:12 Chain Barding Armor
40:08 Chain Mail Armor
40:29 Iron Casting
39:49 Bodkin Arrow
40:10 Leather Archer Armor
40:25 Elite Ballista Elephant
41:41 Hoardings
40:36 Sappers
41:07 Double Crossbow
41:36 Conscription
41:50 Elite Battle Elephant
44:55 Husbandry
45:06 Bloodlines
45:34 Plate Barding Armor
45:31 Ring Archer Armor
45:01 Bracer
46:02 Blast Furnace
55:08 Elite Skirmisher
56:17 Parthian Tactics
55:12 Heavy Cavalry Archer
71:24 Pikeman
73:06 Halberdier
greninja88
0:29 Loom
16:19 Feudal Age
16:54 Double-Bit Axe
20:01 Fishing Lines
26:18 Castle Age
24:55 Wheelbarrow
27:33 Town Watch
28:35 Bow Saw
30:54 Pikeman
31:19 Horse Collar
31:32 Gold Mining
31:36 Stone Mining
39:25 Imperial Age
37:11 Hand Cart
37:06 Fletching
37:27 Forging
37:17 Padded Archer Armor
37:18 Scale Mail Armor
41:57 Conscription
41:38 Arquebus
46:19 Heavy Plow
46:55 Conscription
45:57 Elite Organ Gun
46:38 Arquebus
46:12 Halberdier
48:23 Chemistry
47:21 Murder Holes
47:37 Fortified Wall
47:49 Ballistics
47:34 Siege Engineers
51:53 Gambesons
61:24 Two-Man Saw
Lukhart
4:52 Loom
6:30 Wheelbarrow
9:38 Double-Bit Axe
9:35 Horse Collar
14:56 Feudal Age
14:16 Gold Mining
17:19 Hand Cart
17:47 Scale Barding Armor
17:54 Heavy Plow
18:35 Bow Saw
23:00 Castle Age
21:59 Gold Shaft Mining
22:29 Forging
23:21 Scale Mail Armor
24:48 Two-Man Saw
24:21 Crop Rotation
24:00 Squires
27:30 Chain Barding Armor
27:50 Caravan
30:41 Iron Casting
31:12 Pikeman
31:13 Man-at-Arms
31:38 Arson
32:11 Chain Mail Armor
32:13 Masonry
31:43 Treadmill Crane
32:04 Guard Tower
32:45 Ballistics
32:38 Fortified Wall
32:26 Murder Holes
32:50 Fervor
33:25 Cavalier
34:04 Light Cavalry
34:45 Husbandry
38:25 Imperial Age
36:09 Long Swordsman
38:57 Masonry
40:16 Blast Furnace
39:47 Plate Mail Armor
39:52 Plate Barding Armor
39:34 Stone Mining
40:15 Paladin
40:17 Hussar
41:51 Arrowslits
42:45 Keep
43:10 Chemistry
42:42 Architecture
41:56 Elite Coustillier
42:29 Capped Ram
44:10 Two-Handed Swordsman
44:11 Halberdier
46:55 Burgundian Vineyards
46:27 Sappers
47:34 Hoardings
47:21 Conscription
55:36 Stone Shaft Mining
Inspector_Choi
12:33 Feudal Age
14:54 Double-Bit Axe
14:54 Fishing Lines
16:53 Wheelbarrow
17:44 Horse Collar
23:46 Castle Age
23:08 Scale Mail Armor
24:51 Stone Mining
26:17 Bow Saw
28:12 Gold Mining
28:43 Hand Cart
30:11 Squires
30:44 Forging
30:40 Scale Barding Armor
30:51 Chain Mail Armor
30:41 Caravan
31:52 Gillnets
32:27 Heavy Plow
39:24 Imperial Age
37:59 Iron Casting
37:45 Chain Barding Armor
37:21 Gambesons
37:04 Light Cavalry
38:26 Arson
38:47 Husbandry
39:04 Bloodlines
40:23 Hussar
40:37 Elite Hearth Troop
41:41 Conscription
42:39 Elite Varangian Guard
43:28 Shield Wall
45:09 Plate Mail Armor
50:30 Fletching
50:12 Cavalier
65:28 Bodkin Arrow
Wilson Winston
14:22 Feudal Age
15:54 Double-Bit Axe
15:57 Horse Collar
19:15 Wheelbarrow
26:55 Castle Age
25:28 Gold Mining
27:13 Stone Mining
28:57 Fishing Lines
29:28 Fletching
29:38 Padded Archer Armor
29:57 Hand Cart
29:48 Heavy Plow
30:01 Bow Saw
30:28 Gold Shaft Mining
30:57 Treadmill Crane
33:03 Ballistics
33:44 Gillnets
37:56 Imperial Age
36:49 Bodkin Arrow
37:10 Leather Archer Armor
39:14 Guard Tower
41:08 Two-Man Saw
42:19 Murder Holes
42:35 Fortified Wall
42:54 Bombard Tower
43:44 Caravan
45:55 Elite Janissary
53:14 Guilds
56:15 Bracer
56:45 Ring Archer Armor
59:24 Thumb Ring
60:39 Conscription
GamesPig124
0:30 Loom
13:54 Feudal Age
14:25 Double-Bit Axe
22:17 Castle Age
20:25 Stone Mining
23:23 Gold Mining
24:40 Wheelbarrow
27:13 Gold Shaft Mining
29:21 Caravan
34:46 Imperial Age
32:35 Hand Cart
33:41 Bow Saw
33:52 Forging
33:33 Fletching
33:44 Padded Archer Armor
33:44 Scale Mail Armor
34:01 Pikeman
36:46 Iron Casting
35:37 Halberdier
35:49 Elite Skirmisher
36:51 Leather Archer Armor
38:23 Chemistry
37:38 Bodkin Arrow
40:55 Blast Furnace
40:10 Chain Mail Armor
40:02 Scale Barding Armor
41:56 Town Watch
46:27 Plate Mail Armor
46:17 Chain Barding Armor
46:15 Squires
47:31 Ballistics
47:53 Elite Throwing Axeman
50:08 Town Patrol
52:34 Cavalier
53:15 Husbandry
66:27 Plate Barding Armor
65:28 Paladin
68:55 Chivalry
74:54 Ordonnance Companies
75:47 Masonry
75:29 Guard Tower
75:16 Heavy Mounted Crossbowman
75:21 Crossbowman
75:25 Cranequins
75:33 Light Cavalry
MONSTAR36
0:35 Loom
12:25 Feudal Age
12:55 Double-Bit Axe
12:54 Horse Collar
21:40 Castle Age
20:27 Wheelbarrow
22:03 Castle Age
21:57 Gold Mining
24:53 Bow Saw
24:47 Caravan
28:48 Hand Cart
29:28 Town Watch
31:49 Gold Shaft Mining
32:55 Padded Archer Armor
35:08 Stone Mining
38:01 Imperial Age
35:34 Town Patrol
35:40 Heavy Plow
36:58 Ballistics
37:01 Leather Archer Armor
36:37 Fletching
39:13 Elite Keshik
39:58 Silk Armor
40:24 Conscription
41:31 Chemistry
40:17 Treadmill Crane
40:44 Siege Engineers
40:39 Bodkin Arrow
41:15 Ring Archer Armor
41:06 Fishing Lines
41:30 Bracer
41:40 Scale Barding Armor
41:46 Forging
41:36 Bracer
43:11 Timurid Siegecraft
43:42 Chain Barding Armor
45:40 Crop Rotation
45:12 Gillnets
45:28 Murder Holes
46:39 Plate Barding Armor
46:40 Iron Casting
54:32 Heavy Cavalry Archer
Connection lost

Rejoining the realm…

Still unreachable

The connection could not be restored.

Session expired

The server has moved on; the page needs a fresh start.